Cogmind - Beta 13 @@@ ROGUE MODE // 2024.03.03 @ 12:06:31 Player: CatPlusPlus Result: Destroyed by L-41 Fighter with Axe Performance ------------- Evolutions (5) 2500 Regions Visited (17) 3400 Robots Destroyed (217) 1085 Value Destroyed (8592) 8592 Prototype IDs (38) 760 Alien Tech Used (1) 200 Bonus (5184) 5184 TOTAL SCORE: 21721 Bonus ------- High Alert Combat Kills 896 Follower Combat Kills 2458 Entered Garrisons 200 Network Hubs Disabled 400 Met Imprinter 300 Was Imprinted 300 Acquired ECA 300 Built Enhanced Grunts 300 A7 Reached Mainframe 300 Friendly Fire -270 Cogmind --------- Core Integrity 0/1000 Matter 112/300 Energy 32/100 System Corruption 26% Temperature Cool (1) Movement Treading (160) Location -5/Factory Parts ------- > --- POWER (1) -------- (None) > --- PROPULSION (5) --- Medium Treads Medium Treads > --- UTILITY (8) ------ Improved Melee Analysis Suite Matter Filter Improved Field Recycling Unit > --- WEAPON (4) ------- Gauss Rifle Precision Assault Rifle Powered Hammer > --- INVENTORY (5) ---- Experimental Heat Sink Gauss Cannon Heavy Flak Cannon Enhanced Gauss Cannon Mini Grenade Launcher Peak State ------------ > --- POWER ------------ Light Fission Core > --- PROPULSION ------- Improved Carbon-fiber Leg Improved Carbon-fiber Leg Flexi-carbon Leg Flexi-carbon Leg Flexi-carbon Leg > --- UTILITY ---------- High-capacity Storage Unit Advanced Signal Interpreter Improved Melee Analysis Suite Experimental Melee Analysis Suite Experimental Actuator Array Centrium Medium Armor Plating Centrium Medium Armor Plating > --- WEAPON ----------- Ripper Ripper 1C-UTU's Sword "Lootmaker" > --- INVENTORY -------- Carbon-fiber Leg Experimental Heat Sink Zionite Biocell Structural Scanner Improved Sensor Array Core Analyzer Microactuators Centrium Medium Armor Plating Z-Drone Bay Wave Gun Cooled Particle Cannon Magnetic Acceleration Cannon Mini Grenade Launcher Heavy Missile Launcher Makeshift Hammer Chainsword [Rating: 98] Favorites ----------- Power Light Nuclear Core Engine Light Ion Engine Power Core Light Nuclear Core Reactor Cold Fusion Reactor Propulsion Light Treads Treads Light Treads Leg Carbon-fiber Leg Wheel Compact Wheel Hover Unit Aerolev Unit Flight Unit Improved VTOL Module Utility Large Storage Unit Device Microactuators Storage Large Storage Unit Processor Improved Melee Analysis Suite Protection Light Armor Plating Weapon Ripper Energy Gun Advanced Beam Rifle Energy Cannon Cooled Particle Cannon Ballistic Gun Makeshift Shrapnel Gun Ballistic Cannon Slug Cannon Launcher Mini Grenade Launcher Special Weapon Mining Laser Impact Weapon Heavy Flail Slashing Weapon Ripper Build | -11 -10 -10 -8 -8 -7 -7 -7 -7 -7 -7 -6 -6 -6 -6 -6 -6 -5 ------- Run | Yrd Mat Sub Mat Gar Fac Was Fac Low Low Zio Pro Fac Ext Cet Arc Hub Fac Slots Evolved 10 | . . . 4 . 2 . . . . . . 2 . . . . 2 Power . | . . . . . . . . . . . . . . . . . . Propulsion 3 | . . . 2 . 1 . . . . . . . . . . . . Utility 6 | . . . 2 . 1 . . . . . . 2 . . . . 1 Weapon 1 | . . . . . . . . . . . . . . . . . 1 Parts Attached 344 | 1 22 39 58 20 44 . 18 2 4 . 11 25 33 6 5 23 33 Power 36 | . 2 3 8 4 6 . 2 . 1 . . 3 1 . . 3 3 Engine 14 | . 2 3 2 . . . . . 1 . . 1 1 . . 1 3 Core 21 | . . . 6 4 6 . 2 . . . . 1 . . . 2 . Reactor 1 | . . . . . . . . . . . . 1 . . . . . Propulsion 101 | . 6 7 15 4 22 . 8 1 . . 6 9 10 . . 8 5 Treads 27 | . 3 7 9 . . . 3 1 . . 1 . . . . . 3 Leg 60 | . 3 . 4 4 15 . 4 . . . 5 9 9 . . 7 . Wheel 1 | . . . . . . . . . . . . . . . . . 1 Hover 12 | . . . 1 . 7 . 1 . . . . . 1 . . 1 1 Flight 1 | . . . 1 . . . . . . . . . . . . . . Utility 114 | 1 5 19 15 7 8 . 4 . 1 . . 11 12 4 4 11 12 Device 58 | 1 1 11 4 5 5 . 3 . 1 . . 6 5 2 3 5 6 Storage 9 | . 2 . 3 . 1 . . . . . . 1 1 1 . . . Processor 10 | . . . 2 . 2 . . . . . . 2 1 . 1 1 1 Hackware . | . . . . . . . . . . . . . . . . . . Protection 37 | . 2 8 6 2 . . 1 . . . . 2 5 1 . 5 5 Artifact . | . . . . . . . . . . . . . . . . . . Weapon 93 | . 9 10 20 5 8 . 4 1 2 . 5 2 10 2 1 1 13 Energy Gun 9 | . . . 5 1 1 . . . . . . . 1 . . . 1 Energy Cannon 18 | . 5 . 2 . . . 1 . 1 . 2 1 3 1 . . 2 Ballistic Gun 18 | . 1 4 9 . . . . . . . . . . . . . 4 Ballistic Cannon 9 | . 1 4 1 2 . . . . . . . . . . . . 1 Launcher 6 | . . . 2 1 . . . 1 . . 1 . . . . . 1 Special Weapon 4 | . 2 2 . . . . . . . . . . . . . . . Impact Weapon 4 | . . . . . 1 . . . . . . . 1 . . . 2 Slashing Weapon 25 | . . . 1 1 6 . 3 . 1 . 2 1 5 1 1 1 2 Piercing Weapon . | . . . . . . . . . . . . . . . . . . Special Melee Weapon . | . . . . . . . . . . . . . . . . . . Unidentified Prototypes 27 | . . . 9 . 2 . 1 . 1 . . 3 5 2 3 . 1 Corrupted Parts 5 | . . . . . . . . . . . . . 2 . . 1 2 System Corruption 27 | . . . . . . . . . . . . . 10 . . 1 16 Parts Lost 70 | . 1 6 2 5 11 3 2 1 . . . 4 . . . 10 25 Power 12 | . 1 3 . . 2 1 . . . . . 1 . . . 2 2 Propulsion 26 | . . 1 . 3 7 2 2 1 . . . 1 . . . 5 4 Utility 21 | . . 1 2 2 1 . . . . . . 2 . . . 2 11 Weapon 11 | . . 1 . . 1 . . . . . . . . . . 1 8 Highest Loss Streak 21 | . 1 3 1 2 8 3 1 1 . . . 3 . . . 10 21 To Critical Strikes . | . . . . . . . . . . . . . . . . . . Average Slot Usage (%) 93 | . 99 97 88 80 89 92 91 99 99 100 99 99 99 100 99 98 51 Engine 4 | . 13 12 . . . . . . 1 7 7 2 . 6 6 4 1 Core 2 | . . . 6 6 6 5 6 7 5 . . 2 . . . . . Treads 11 | . 11 28 16 . . . 6 21 21 21 6 . . . . . 1 Leg 16 | . 16 . 12 23 18 32 21 15 14 14 28 30 30 31 31 30 4 Device 12 | . 13 12 10 7 18 15 14 15 14 14 14 14 12 11 11 12 10 Storage 9 | . 14 14 14 12 6 7 7 7 7 7 7 6 6 6 6 6 3 Processor 10 | . . . 6 12 13 15 15 15 14 14 14 17 18 18 18 18 11 Protection 2 | . . 1 5 4 . . . . . . . 3 5 6 6 5 1 Energy Gun 1 | . . . 5 3 . . . . . . . . . . . . . Energy Cannon 3 | . 14 3 . . . . . . 3 7 5 3 2 . . . 1 Ballistic Gun 3 | . 6 12 7 2 . . . . . . . . . . . . . Ballistic Cannon 2 | . 2 11 . 5 . . . . . . . . . . . . . Slashing Weapon 7 | . . . . . 12 13 14 13 9 7 15 14 14 17 18 17 8 Naked Turns 1 | . . . . . . . . . . . . . . . . . 1 Heaviest Build 103 | 13 30 37 101 103 103 34 44 35 40 38 40 52 75 72 71 74 70 Greatest Support 104 | 20 40 40 104 98 103 63 50 50 40 40 85 95 94 94 94 96 56 Greatest Overweight (x) 9 | . 1 . 1 1 9 1 1 . . . . . . . . 1 3 Average Overweight (x) . | . . . . . . . . . . . . . . . . . . Largest Inventory Capacity 25 | 8 15 15 25 25 25 15 15 15 15 15 15 15 20 20 20 20 20 Average Capacity 17 | 8 11 15 22 25 18 15 15 15 15 15 15 15 16 20 20 20 14 Most Carried 25 | 7 15 15 25 25 25 15 15 15 15 15 15 15 20 20 20 20 20 Average Carried 16 | 5 11 14 22 24 18 15 14 15 14 14 14 14 16 19 19 19 12 Final Capacity 25 | 8 15 15 25 25 15 15 15 15 15 15 15 15 20 20 20 20 5 Final Carried 25 | 6 15 15 25 24 15 15 15 15 15 15 15 15 20 20 20 15 5 Class Distribution -------------------- 34% | Mutant 27% | Scavenger-Gladiator 23% | Scavenger-Mutant 7% | Machinist-Gladiator 6% | Gladiator Dominant Class ---------------- Mutant | -10/Materials Mutant | -10/Subcaves Scavenger-Mutant | -8/Materials Scavenger-Mutant | -8/Garrison Scavenger-Gladiator | -7/Factory Scavenger-Gladiator | -7/Waste Scavenger-Gladiator | -7/Factory Machinist-Gladiator | -7/Lower Caves Mutant | -7/Lower Caves Mutant | -7/Zion Machinist-Gladiator | -6/Proximity Caves Scavenger-Gladiator | -6/Factory Scavenger-Gladiator | -6/Extension Scavenger-Gladiator | -6/Cetus Scavenger-Gladiator | -6/Archives Scavenger-Gladiator | -6/Hub_04(d) Scavenger-Gladiator | -5/Factory Resources | -11 -10 -10 -8 -8 -7 -7 -7 -7 -7 -7 -6 -6 -6 -6 -6 -6 -5 ----------- Run | Yrd Mat Sub Mat Gar Fac Was Fac Low Low Zio Pro Fac Ext Cet Arc Hub Fac Matter Collected 5822 | 246 331 764 1662 826 446 . 180 . 80 . 138 193 360 107 60 224 205 Remotely 126 | . . . . 126 . . . . . . . . . . . . . Salvage Created 9236 | 133 764 545 1894 687 1338 . 465 26 . . 104 778 312 . 358 1363 469 Parts 490 | 7 45 43 107 33 67 . 29 3 . . 9 35 11 . 29 53 19 Haulers Intercepted 17 | . 2 . 6 . 3 . 1 . . . . 2 . . . 2 1 Recyclers Shooed 4 | . 3 . 1 . . . . . . . . . . . . . . Parts Field Recycled 1 | . . . . . . . . . . . . . . . . . 1 Retrieved Matter 68 | . . . . . . . . . . . . . . . . . 68 Parts Self-Destructed 47 | . . 20 . . . . . 5 . . 22 . . . . . . Prevented 1 | . . . . . . . . . . . 1 . . . . . . Kills | -11 -10 -10 -8 -8 -7 -7 -7 -7 -7 -7 -6 -6 -6 -6 -6 -6 -5 ------- Run | Yrd Mat Sub Mat Gar Fac Was Fac Low Low Zio Pro Fac Ext Cet Arc Hub Fac Combat Hostiles Destroyed 148 | . 10 20 31 23 21 . 7 1 . . 4 8 4 . . 18 1 Melee 56 | . . . . . 20 . 7 1 . . 1 8 3 . . 16 . Guns 41 | . . 5 26 9 . . . . . . . . . . . . 1 Cannons 41 | . 10 15 2 13 . . . . . . . . 1 . . . . AOE 7 | . . . 3 1 . . . . . . 3 . . . . . . Classes Destroyed 20 | 2 6 2 4 . 2 . . . . . . . . . . 4 . Worker 2 | . . . 2 . . . . . . . . . . . . . . Builder 4 | . 1 . . . . . . . . . . 3 . . . . . Tunneler 7 | 3 . . 1 . 1 . 1 . . . . . . . . . 1 Hauler 17 | . 2 . 6 . 3 . 1 . . . . 2 . . . 2 1 Recycler 9 | 1 3 . 3 . 1 . . . . . . . . . . . 1 Mechanic 1 | . . . 1 . . . . . . . . . . . . . . Operator 16 | . 2 . 2 . 1 . . . . . . 1 1 . 9 . . Watcher 13 | . 3 . 4 . . . 1 . . . . 2 1 . . 1 1 Swarmer 23 | . 3 4 4 7 . . . 1 . . 3 . . . . 1 . Grunt 75 | . 7 2 16 15 16 . 3 . . . 1 4 3 . . 7 1 Brawler 1 | . . . 1 . . . . . . . . . . . . . . Duelist 2 | . . . . . . . . . . . . . . . . 2 . Protector 1 | . . . . . 1 . . . . . . . . . . . . Sentry 17 | . . 1 9 1 1 . 2 . . . . 1 1 . . 1 . Demolisher 1 | . . . . . . . . . . . . . . . . 1 . Specialist 1 | . . . . . . . . . . . . . . . . 1 . Hunter 6 | . . . 1 . 1 . . . . . . 2 . . . 2 . Programmer 6 | . . . . . 2 . 2 . . . . 1 . . . 1 . Behemoth 1 | . . . . . . . . . . . . . . . . 1 . Subdweller 13 | . . 13 . . . . . . . . . . . . . . . Z-Courier 1 | . . . . . . . . . . . . . . . . . 1 Savage 1 | . . . . . . . . . . . . . . . . 1 . Best Kill Streak 7 | 2 5 4 7 4 5 . 2 1 . . 3 3 2 . 4 5 3 Combat Bots Only 6 | . 3 4 6 4 5 . 2 1 . . 3 3 2 . . 5 1 Max Kills in Single Turn 3 | 1 1 1 3 1 1 . 1 1 . . 3 1 1 . 1 1 1 Gunslinging . | . . . . . . . . . . . . . . . . . . Exploded 3 | . . . 2 1 . . . . . . 3 . . . . . . Melee 1 | . . . . . 1 . 1 1 . . 1 1 1 . . 1 . Uniques/NPCs Destroyed . | . . . . . . . . . . . . . . . . . . Combat | -11 -10 -10 -8 -8 -7 -7 -7 -7 -7 -7 -6 -6 -6 -6 -6 -6 -5 -------- Run | Yrd Mat Sub Mat Gar Fac Was Fac Low Low Zio Pro Fac Ext Cet Arc Hub Fac Hostile Shots Fired 1193 | . 58 103 132 130 124 3 68 14 . . 4 55 53 2 . 211 236 Missed 341 | . 14 28 31 36 40 . 21 2 . . 2 15 28 1 . 60 63 Damage Taken 14583 | . 561 1370 1460 1300 1313 137 476 177 48 . 34 768 376 117 43 2397 4006 Core 2328 | . 81 134 188 229 203 42 56 35 . . . 55 18 . . 283 1004 Absorbed by Shields 90 | . . . . 4 12 . . . . . . . 62 12 . . . Redirected to Shielding 365 | . . . . . . . . . . . . . 20 . . 140 205 Regen/Repaired (Parts) 227 | . . . . . 56 . . . . . . . 171 . . . . Core Remaining (%) 49 | 100 . 14 . 24 . . . . . . 52 . . . . 58 . Volleys Fired 467 | 12 66 92 142 98 . . . . 1 . 12 9 10 1 . . 24 Largest 3 | 2 2 2 2 2 . . . . 2 . 1 1 1 1 . . 3 Hottest 135 | 70 120 100 135 103 . . . . 60 . 90 90 90 90 . . 90 Shots Fired 769 | 24 95 162 241 175 . . . . 2 . 12 9 10 1 . . 38 Gun 427 | 24 21 61 193 104 . . . . . . . . . . . . 24 Cannon 319 | . 72 91 45 69 . . . . 1 . 10 9 10 1 . . 11 Launcher 11 | . . . 3 2 . . . . 1 . 2 . . . . . 3 Special 12 | . 2 10 . . . . . . . . . . . . . . . Kinetic 460 | 12 41 129 137 114 . . . . . . . . . . . . 27 Thermal 297 | 12 54 33 101 59 . . . . 1 . 10 9 10 1 . . 7 Explosive 11 | . . . 3 2 . . . . 1 . 2 . . . . . 3 Electromagnetic 1 | . . . . . . . . . . . . . . . . . 1 Robot Hit Streak 16 | 4 11 16 13 16 . . . . . . . . 1 . . . 13 Robot Miss Streak 7 | 2 4 4 7 4 . . . . . . 1 2 3 . . . 2 Penetration Max 1 | . . . . 1 . . . . . . . . . . . . 1 Secondary Targets 1 | . . . . 1 . . . . . . . . . . . . . Max Gunslinging Chain 1 | . . . . 1 . . . . . . . . . . . . . Shots Hit Robots 726 | 13 61 109 159 102 68 . 29 3 . . 1 48 20 2 13 54 44 Core Hits 323 | 5 26 31 88 37 29 . 10 1 . . 5 21 8 . 6 36 20 Critical Kills 3 | . . 2 . 1 . . . . . . . . . . . . . Critical Parts Destroyed 1 | . . . . . . . . . . . . . . . . . 1 Critical Strikes 60 | . 1 4 5 8 12 . 4 1 . . . 9 2 1 . 12 1 Burn 9 | . . . 5 4 . . . . . . . . . . . . . Destroy 5 | . . 4 . 1 . . . . . . . . . . . . . Blast 4 | . 1 . . 3 . . . . . . . . . . . . . Smash 1 | . . . . . . . . . . . . . . . . . 1 Sever 41 | . . . . . 12 . 4 1 . . . 9 2 1 . 12 . Melee Attacks 452 | . . . 1 1 100 . 45 12 19 1 11 92 44 2 16 76 32 Impact 50 | . . . . . 7 . . . . . . . 16 . . . 27 Slashing 402 | . . . 1 1 93 . 45 12 19 1 11 92 28 2 16 76 5 Piercing . | . . . . . . . . . . . . . . . . . . Sneak Attacks 44 | . . . 1 . 7 . 5 . . . . 7 3 . 13 4 4 Combat Hostiles 2 | . . . . . . . 1 . . . . . . . . 1 . Follow-up Attacks 52 | . . . . . 11 . 6 1 . . . 14 3 1 4 12 . Damage Inflicted 22922 | 184 987 1943 3535 2455 2985 . 1284 119 . . 187 2171 965 70 1424 2947 1666 Guns 5252 | 184 152 666 2513 1228 . . . . . . . . . . . . 509 Cannons 4137 | . 822 1277 666 1086 . . . . . . . . 108 . . . 178 Explosions 1191 | . . . 236 141 . . . . . . 157 . . . . 447 210 Melee 12286 | . . . 82 . 2985 . 1284 119 . . 30 2166 857 70 1424 2500 769 Ramming 56 | . 13 . 38 . . . . . . . . 5 . . . . . Kinetic 6167 | 83 410 1663 1842 1602 . . . . . . . . . . . . 567 Thermal 3203 | 101 564 280 1337 712 . . . . . . . . 108 . . . 101 Explosive 744 | . . . 236 141 . . . . . . 157 . . . . . 210 Electromagnetic 466 | . . . . . . . . . . . . . . . . 447 19 Impact 622 | . . . . . 189 . . . . . . . . . . . 433 Slashing 11664 | . . . 82 . 2796 . 1284 119 . . 30 2166 857 70 1424 2500 336 Piercing . | . . . . . . . . . . . . . . . . . . Highest Corruption 26 | . . . . . . . 4 . . . . 2 10 5 5 4 26 Average Corruption 5 | . . . . . . . 3 . . . . 1 6 5 3 1 15 Corruption Purged 18 | . . . . . . . 4 . . . . 2 5 . 5 2 . Corruption Blocked 4 | . . . . . 4 . . . . . . . . . . . . Effects 36 | . . . . . . . 2 . . . . 3 8 6 5 2 10 Message Errors 7 | . . . . . . . . . . . . 1 3 . 2 . 1 Matter Fused 11 | . . . . . . . 1 . . . . . . 4 2 2 2 Heat Flow Errors 4 | . . . . . . . . . . . . . 1 1 . . 2 Energy Discharges 5 | . . . . . . . 1 . . . . 1 1 . 1 . 1 Parts Rejected 1 | . . . . . . . . . . . . . . . . . 1 Data Loss (minor) 5 | . . . . . . . . . . . . . 3 1 . . 1 Data Loss (major) 2 | . . . . . . . . . . . . 1 . . . . 1 Misdirections 1 | . . . . . . . . . . . . . . . . . 1 Overload Shots 22 | . . . . . . . . . . . 1 6 10 1 . . 4 Overflow Damage 1229 | . 4 . 101 54 71 . 109 . . . . 159 105 . 462 89 75 Projectiles 37 | . 4 . 16 17 . . . . . . . . . . . . . Explosions 59 | . . . 13 37 . . . . . . . . . . . . 9 Melee 1133 | . . . 72 . 71 . 109 . . . . 159 105 . 462 89 66 Knockbacks 37 | . 8 9 10 6 2 . . . . . . . . . . . 2 Impact 2 | . . . . . 2 . . . . . . . . . . . . Kinetic 33 | . 7 9 9 6 . . . . . . . . . . . . 2 Secondary 2 | . 1 . 1 . . . . . . . . . . . . . . Self-Inflicted Damage 219 | . . . 33 6 . . . . 48 . . . . . . 109 23 Shots 5 | . . . 1 1 . . . . 1 . . . . . . 1 1 Rammed 8 | . 6 . 2 . . . . . . . . . . . . . . Targets Rammed 12 | . 6 . 5 . . . . . . . . 1 . . . . . Kicked 3 | . . . 2 . . . . . . . . 1 . . . . . Crushed 1 | . . . 1 . . . . . . . . . . . . . . Highest Temperature 589 | 72 493 30 199 589 7 . . . . . 42 104 72 119 . . 247 Average Temperature 103 | 31 151 7 62 290 3 . . . . . 22 38 22 48 . . 57 Received Heat Transfer 3699 | . 252 291 630 699 466 . 129 . . . 9 271 106 12 . 402 432 Effects 15 | . 10 . . 5 . . . . . . . . . . . . . Shutdowns 3 | . 1 . . 2 . . . . . . . . . . . . . Energy Bleed 2 | . 1 . . 1 . . . . . . . . . . . . . Interference 1 | . 1 . . . . . . . . . . . . . . . . Matter Decay 1 | . . . . 1 . . . . . . . . . . . . . Short Circuit 2 | . 1 . . 1 . . . . . . . . . . . . . Damage (minor) 1 | . 1 . . . . . . . . . . . . . . . . Damage (major) 5 | . 5 . . . . . . . . . . . . . . . . Siege Activations . | . . . . . . . . . . . . . . . . . . Robots Corrupted 2 | . . . . . . . . . . . . . . . . 2 . Combat Hostiles 2 | . . . . . . . . . . . . . . . . 2 . Parts Fried 7 | . . . . . 1 . . . . . . . . . . 6 . Impact Corruptions 4 | . . . . . 1 . . . . . . . . . . . 3 Robots Melted . | . . . . . . . . . . . . . . . . . . Combat Hostiles . | . . . . . . . . . . . . . . . . . . Parts Melted 5 | . 3 . . 2 . . . . . . . . . . . . . Heat Transferred 6550 | 296 1184 592 2738 1554 . . . . . . . . 62 . . . 124 Parts Sabotaged 2 | . . . . . . . . . . . . . . . . . 2 Parts Stolen . | . . . . . . . . . . . . . . . . . . Parts Stripped . | . . . . . . . . . . . . . . . . . . Power Chain Reactions . | . . . . . . . . . . . . . . . . . . Alert | -11 -10 -10 -8 -8 -7 -7 -7 -7 -7 -7 -6 -6 -6 -6 -6 -6 -5 ------- Run | Yrd Mat Sub Mat Gar Fac Was Fac Low Low Zio Pro Fac Ext Cet Arc Hub Fac Peak Influence 1462 | 20 268 . 266 901 663 247 154 . . . . 338 678 798 559 1462 670 Initial 642 | . 13 . . 126 472 232 137 . . . . 88 99 379 319 125 642 Average 314 | 10 86 . 119 491 481 228 93 . . . . 224 379 666 481 748 568 Maximum Alert Level 4 | . 1 . 1 3 2 1 . . . . . 1 2 3 2 4 2 Low Security (%) 41 | 100 94 . 77 6 . 14 100 . . . . 27 13 . . 16 . Level 1 24 | . 5 . 22 39 18 85 . . . . . 72 39 8 30 4 13 Level 2 27 | . . . . 38 81 . . . . . . . 47 40 69 15 86 Level 3 5 | . . . . 16 . . . . . . . . . 51 . 48 . Level 4 . | . . . . . . . . . . . . . . . . 15 . Level 5 . | . . . . . . . . . . . . . . . . . . High Security . | . . . . . . . . . . . . . . . . . . Max Security . | . . . . . . . . . . . . . . . . . . Squads Dispatched 37 | . 3 . 3 . 5 . 3 . . . . 4 2 . . 13 4 Investigation 8 | . 3 . 1 . 1 . 1 . . . . 1 1 . . . . Extermination 5 | . . . . . 2 . 1 . . . . 1 . . . 1 . Reinforcement 14 | . . . 1 . 1 . 1 . . . . 2 1 . . 6 2 Assault 6 | . . . . . 1 . . . . . . . . . . 3 2 Garrison 4 | . . . 1 . . . . . . . . . . . . 3 . Intercept . | . . . . . . . . . . . . . . . . . . Searches Triggered . | . . . . . . . . . . . . . . . . . . Construction Impeded 2 | . . . . . . . . . . . . . . . . 2 . Haulers Reinforced 3 | . . . . . . . 1 . . . . 2 . . . . . Active Scanning Responses . | . . . . . . . . . . . . . . . . . . Cargo Convoy Interrupts 1 | . . . . . 1 . . . . . . . . . . . . Stealth | -11 -10 -10 -8 -8 -7 -7 -7 -7 -7 -7 -6 -6 -6 -6 -6 -6 -5 --------- Run | Yrd Mat Sub Mat Gar Fac Was Fac Low Low Zio Pro Fac Ext Cet Arc Hub Fac Distress Signals 10 | . . . . . 1 . . . . . . 2 3 1 . 3 . Communications Jammed . | . . . . . . . . . . . . . . . . . . Distress Signals . | . . . . . . . . . . . . . . . . . . Times Spotted 310 | . 23 25 50 25 30 4 10 2 . . 7 27 21 11 3 46 26 Peak Tracking Total 10 | . 3 4 6 4 6 4 3 2 . . 4 5 4 7 1 6 10 Tactical Retreats 19 | . 1 2 2 . 3 . 1 2 . . . . 1 1 . 1 5 Traps | -11 -10 -10 -8 -8 -7 -7 -7 -7 -7 -7 -6 -6 -6 -6 -6 -6 -5 ------- Run | Yrd Mat Sub Mat Gar Fac Was Fac Low Low Zio Pro Fac Ext Cet Arc Hub Fac Traps Triggered 16 | . 3 2 1 2 2 . . . . . . . 5 . . 1 . Indirectly . | . . . . . . . . . . . . . . . . . . Trap Hack Attempts . | . . . . . . . . . . . . . . . . . . Triggered . | . . . . . . . . . . . . . . . . . . Disarmed . | . . . . . . . . . . . . . . . . . . Reprogrammed . | . . . . . . . . . . . . . . . . . . Reused . | . . . . . . . . . . . . . . . . . . Traps Extracted . | . . . . . . . . . . . . . . . . . . Installed . | . . . . . . . . . . . . . . . . . . Triggered 4 | . . . . . 1 . . . 1 . 2 . . . . . . Machines | -11 -10 -10 -8 -8 -7 -7 -7 -7 -7 -7 -6 -6 -6 -6 -6 -6 -5 ---------- Run | Yrd Mat Sub Mat Gar Fac Was Fac Low Low Zio Pro Fac Ext Cet Arc Hub Fac Machines Disabled 38 | . 1 1 4 6 2 . . . . . . 2 10 2 2 6 2 Max in Single Turn 4 | . 1 1 1 1 1 . . . . . . 1 1 1 . 4 . Garrison Access 3 | . . . . . 1 . . . . . . 1 . . . 1 . Garrison Relay 4 | . . . . 4 . . . . . . . . . . . . . Network Hub 2 | . . . . . . . . . . . . . . . . 2 . Machines Repaired . | . . . . . . . . . . . . . . . . . . Machines Dismantled . | . . . . . . . . . . . . . . . . . . Machines Sabotaged . | . . . . . . . . . . . . . . . . . . Overloaded Fab Kills . | . . . . . . . . . . . . . . . . . . Hacking | -11 -10 -10 -8 -8 -7 -7 -7 -7 -7 -7 -6 -6 -6 -6 -6 -6 -5 --------- Run | Yrd Mat Sub Mat Gar Fac Was Fac Low Low Zio Pro Fac Ext Cet Arc Hub Fac Machines Accessed 62 | . 10 2 10 1 10 . 7 . 1 1 . 1 14 3 1 1 . Terminals 39 | . 8 . 6 1 6 . 2 . . . . . 13 3 . . . Fabricators 5 | . . . . . 2 . 3 . . . . . . . . . . Repair Stations 3 | . . . . . 1 . 1 . . . . . 1 . . . . Recycling Units 3 | . 2 . 1 . . . . . . . . . . . . . . Scanalyzers 2 | . . . 2 . . . . . . . . . . . . . . Garrison Access 5 | . . . 1 . 1 . 1 . . . . 1 . . . 1 . Total Hacks 174 | . 34 3 31 1 27 . 12 . 1 4 . 1 25 8 25 2 . Successful 95 | . 12 3 19 . 10 . 5 . 1 4 . 1 13 2 25 . . Failed 78 | . 21 . 12 1 17 . 7 . . . . . 12 6 . 2 . Catastrophic 18 | . 1 . 2 . 2 . 3 . . . . . 6 3 . 1 . Database Lockouts 1 | . 1 . . . . . . . . . . . . . . . . Manual 77 | . 22 . 13 . 5 . . . . 1 . 6 11 1 . 12 6 Terminals 89 | . 29 . 16 1 14 . 2 . . . . . 19 8 . . . Fabricators 10 | . . . . . 4 . 6 . . . . . . . . . . Repair Stations 14 | . . . . . 6 . 2 . . . . . 6 . . . . Recycling Units 7 | . 5 . 2 . . . . . . . . . . . . . . Scanalyzers 10 | . . . 10 . . . . . . . . . . . . . . Garrison Access 11 | . . . 3 . 3 . 2 . . . . 1 . . . 2 . Terminal Hacks 58 | . 7 3 5 . 3 . 1 . 1 4 . . 7 2 25 . . Record 30 | . . 2 . . 1 . . . . . . . . 2 25 . . Part Schematic 7 | . 3 . . . . . . . . 4 . . . . . . . Robot Analysis 1 | . . . 1 . . . . . . . . . . . . . . Prototype ID Bank 1 | . 1 . . . . . . . . . . . . . . . . Open Door 8 | . . . . . . . . . 1 . . . 7 . . . . Open DSF 1 | . . . . . . . 1 . . . . . . . . . . Terminal Index 1 | . 1 . . . . . . . . . . . . . . . . Unreport Threat 3 | . . . 3 . . . . . . . . . . . . . . Locate Traps 1 | . 1 . . . . . . . . . . . . . . . . Hauler Manifests 3 | . 1 . 1 . 1 . . . . . . . . . . . . Zone Layout 1 | . . . . . 1 . . . . . . . . . . . . Derelict Proto ID Bank 1 | . . 1 . . . . . . . . . . . . . . . Fabricator Hacks 6 | . . . . . 3 . 3 . . . . . . . . . . Load Schematic 3 | . . . . . 2 . 1 . . . . . . . . . . Build 3 | . . . . . 1 . 2 . . . . . . . . . . Repair Station Hacks 11 | . . . . . 4 . 1 . . . . . 6 . . . . Scan Component 6 | . . . . . 2 . 1 . . . . . 3 . . . . Repair 5 | . . . . . 2 . . . . . . . 3 . . . . Recycling Unit Hacks . | . . . . . . . . . . . . . . . . . . Scanalyzer 10 | . . . 10 . . . . . . . . . . . . . . Insert Component 5 | . . . 5 . . . . . . . . . . . . . . Analyze 5 | . . . 5 . . . . . . . . . . . . . . Garrison Access Hacks 2 | . . . 1 . . . . . . . . 1 . . . . . Unlock Access 1 | . . . 1 . . . . . . . . . . . . . . Seal Access 1 | . . . . . . . . . . . . 1 . . . . . Unauthorized Hacks 8 | . 5 . 3 . . . . . . . . . . . . . . Terminals 5 | . 3 . 2 . . . . . . . . . . . . . . Botnet 5 | . 3 . 2 . . . . . . . . . . . . . . Fabricators . | . . . . . . . . . . . . . . . . . . Repair Stations . | . . . . . . . . . . . . . . . . . . Recycling Units 3 | . 2 . 1 . . . . . . . . . . . . . . Reject 2 | . 1 . 1 . . . . . . . . . . . . . . Tunnel 1 | . 1 . . . . . . . . . . . . . . . . Scanalyzers . | . . . . . . . . . . . . . . . . . . Garrison Access . | . . . . . . . . . . . . . . . . . . Data Cores Recovered 3 | . 1 . 1 . . . . . . . . . 1 . . . . Used . | . . . . . . . . . . . . . . . . . . Hacking Detections 48 | . 9 . 10 1 9 . 6 . . . . . 9 3 . 1 . Full Trace Events 4 | . 2 . . . 1 . 1 . . . . . . . . . . Feedback Events . | . . . . . . . . . . . . . . . . . . Feedback Blocked . | . . . . . . . . . . . . . . . . . . Robot Schematics Acquired 4 | . . . . . . . . . . 4 . . . . . . . Robots Built . | . . . . . . . . . . . . . . . . . . Authchips . | . . . . . . . . . . . . . . . . . . Time . | . . . . . . . . . . . . . . . . . . Total Robot Build Rating . | . . . . . . . . . . . . . . . . . . Part Schematics Acquired 27 | . 3 . 5 . . . . . . 19 . . . . . . . Parts Built 4 | . . . . . 1 . 3 . . . . . . . . . . Authchips . | . . . . . . . . . . . . . . . . . . Time 168 | . . . . . 42 . 126 . . . . . . . . . . Total Part Build Rating 16 | . . . . . 4 . 12 . . . . . . . . . . Parts Repaired 5 | . . . . . 2 . . . . . . . 3 . . . . Time 233 | . . . . . 113 . . . . . . . 120 . . . . Parts Recycled . | . . . . . . . . . . . . . . . . . . Recycled Matter . | . . . . . . . . . . . . . . . . . . Retrieved Matter . | . . . . . . . . . . . . . . . . . . Retrieved Components . | . . . . . . . . . . . . . . . . . . Parts Scanalyzed 5 | . . . 5 . . . . . . . . . . . . . . Part Schematics Acquired 5 | . . . 5 . . . . . . . . . . . . . . Parts Damaged . | . . . . . . . . . . . . . . . . . . Bothacking | -11 -10 -10 -8 -8 -7 -7 -7 -7 -7 -7 -6 -6 -6 -6 -6 -6 -5 ------------ Run | Yrd Mat Sub Mat Gar Fac Was Fac Low Low Zio Pro Fac Ext Cet Arc Hub Fac Used RIF Installer . | . . . . . . . . . . . . . . . . . . Robots Hacked . | . . . . . . . . . . . . . . . . . . Non-combat . | . . . . . . . . . . . . . . . . . . Combat . | . . . . . . . . . . . . . . . . . . Robot Hacks Applied . | . . . . . . . . . . . . . . . . . . Relay Couplers Released 18 | . . . . 16 . . . . . . . . . . . 2 . Machine Destruction 18 | . . . . 16 . . . . . . . . . . . 2 . Fabnet Peak Effective % . | . . . . . . . . . . . . . . . . . . Robots Rewired . | . . . . . . . . . . . . . . . . . . Allies Hacked . | . . . . . . . . . . . . . . . . . . Hacks Repelled . | . . . . . . . . . . . . . . . . . . Allies | -11 -10 -10 -8 -8 -7 -7 -7 -7 -7 -7 -6 -6 -6 -6 -6 -6 -5 -------- Run | Yrd Mat Sub Mat Gar Fac Was Fac Low Low Zio Pro Fac Ext Cet Arc Hub Fac Total Allies 52 | . . . . . . 1 . . . 12 . . 25 5 . 6 3 Largest Group 16 | . . . . . . 1 . . . 12 12 5 16 15 11 9 1 Highest-Rated Group 893 | . . . . . . 31 . . . 352 352 175 728 893 893 562 35 Highest-Rated Ally 159 | . . . . . . 31 . . . 40 40 40 159 153 153 96 35 Zionite Dispatches 9 | . . . . . . . . . . . . . 4 . . 2 3 Light 1 | . . . . . . . . . . . . . 1 . . . . Recon 2 | . . . . . . . . . . . . . 1 . . 1 . Demo 1 | . . . . . . . . . . . . . . . . . 1 Hero 1 | . . . . . . . . . . . . . 1 . . . . Kinetic Resupply 1 | . . . . . . . . . . . . . . . . . 1 Defense Resupply 1 | . . . . . . . . . . . . . . . . . 1 Infowar Resupply 2 | . . . . . . . . . . . . . 1 . . 1 . Total Orders 11 | . . . . . . . . . . . . 3 1 . . 5 2 STAY 1 | . . . . . . . . . . . . . . . . 1 . FOLLOW 1 | . . . . . . . . . . . . 1 . . . . . DROP 4 | . . . . . . . . . . . . . 1 . . 1 2 EXPLORE 4 | . . . . . . . . . . . . 1 . . . 3 . RETURN 1 | . . . . . . . . . . . . 1 . . . . . Ally Attacks 447 | . . . . . . 12 . . . . 44 47 134 64 33 105 8 Total Damage 14189 | . . . . . . 167 . . . . 643 1251 3913 2612 1214 4160 229 Kills 78 | . . . . . . . . . . . 8 10 18 15 5 20 2 Allies Corrupted 2 | . . . . . . . . . . . . . 1 . . . 1 Allies Melted 2 | . . . . . . . . . . . . . . . . 2 . Intel | -11 -10 -10 -8 -8 -7 -7 -7 -7 -7 -7 -6 -6 -6 -6 -6 -6 -5 ------- Run | Yrd Mat Sub Mat Gar Fac Was Fac Low Low Zio Pro Fac Ext Cet Arc Hub Fac Robot Analysis Total 1 | . . . 1 . . . . . . . . . . . . . . Derelict Logs Recovered 7 | . . 1 . . . . . 2 1 1 2 . . . . . . Drone Launches 6 | . . . . . . . . . . . . 1 2 . . 3 . Drone Recoveries 2 | . . . . . . . . . . . . 1 . . . 1 . Zionite Intel Received 3 | . . . . . . . . . . . . 2 . . . 1 . Prototype Stockpiles 2 | . . . . . . . . . . . . 1 . . . 1 . Unaware Analyses 1 | . . . . . . . . . . . . 1 . . . . . Exploration | -11 -10 -10 -8 -8 -7 -7 -7 -7 -7 -7 -6 -6 -6 -6 -6 -6 -5 ------------- Run | Yrd Mat Sub Mat Gar Fac Was Fac Low Low Zio Pro Fac Ext Cet Arc Hub Fac Turns Passed 20491 | 74 1746 3235 2856 1423 1891 121 1184 538 482 1741 597 1222 1023 296 529 808 725 Spaces Moved 11695 | 24 992 1793 1454 551 1022 95 664 355 333 1275 412 729 578 197 354 458 409 Core 152 | . . . . . 4 . . . . . . . . . . . 148 Treads 2719 | . 415 1793 475 . . . . . . . . . . . . . 36 Legs 8321 | 24 577 . 979 551 690 95 664 355 333 1275 412 729 578 197 354 458 50 Wheels 108 | . . . . . . . . . . . . . . . . . 108 Hover 395 | . . . . . 328 . . . . . . . . . . . 67 Flight . | . . . . . . . . . . . . . . . . . . Fastest Speed 38 | 120 120 160 122 122 38 120 120 126 130 130 124 122 120 120 120 120 50 Average Speed 138 | 120 141 160 148 188 135 127 131 129 130 130 125 123 120 120 120 121 108 Slowest Speed 500 | 120 240 160 240 193 500 190 190 130 130 130 130 124 122 120 120 190 320 Overloaded Moves . | . . . . . . . . . . . . . . . . . . Propulsion Burnouts . | . . . . . . . . . . . . . . . . . . Robots Hopped . | . . . . . . . . . . . . . . . . . . Cave-ins Triggered 1 | . . . . . . . . . . . . . . . . . 1 Exploration Rate (%) 55 | 3 97 86 87 42 28 66 14 56 44 89 47 15 74 75 95 68 15 Regions Visited 17 Branch Regions 9 Pre-discovered Areas 6 | . 1 1 . . . . . 1 . 2 1 . . . . . . Known Exits Taken 11 | . . . 1 . . . 1 1 1 1 1 1 1 1 1 1 . Unknown Exits Taken 3 | 1 1 1 . . . . . . . . . . . . . . . Scrap Searched 16 | . . 11 . . . . . . 1 3 1 . . . . . . Spaces Dug 116 | . 2 1 2 5 12 . 7 5 28 . 10 22 . . . 6 16 Terrain Destroyed 334 | . 2 12 15 5 12 . 7 5 28 . 20 23 1 . . 168 36 Melee 88 | . . . . . 12 . 7 5 16 . 8 19 . . . 6 15 Projectile 34 | . 2 12 8 . . . . . . . 4 4 1 . . . 3 AOE 212 | . . . 7 5 . . . . 12 . 8 . . . . 162 18 Terrain Rammed . | . . . . . . . . . . . . . . . . . . Walls Destroyed . | . . . . . . . . . . . . . . . . . . Machines Disabled . | . . . . . . . . . . . . . . . . . . Actions | -11 -10 -10 -8 -8 -7 -7 -7 -7 -7 -7 -6 -6 -6 -6 -6 -6 -5 --------- Run | Yrd Mat Sub Mat Gar Fac Was Fac Low Low Zio Pro Fac Ext Cet Arc Hub Fac Total 14906 | 46 1237 1976 1956 773 1454 95 935 421 364 1358 473 974 858 257 452 650 627 Wait 1576 | 4 107 19 163 86 255 1 204 52 3 80 14 116 165 39 68 100 100 Move 11678 | 23 991 1792 1453 550 1022 94 663 354 332 1274 411 728 577 196 353 457 408 Hop . | . . . . . . . . . . . . . . . . . . Pick Up 183 | 3 18 16 56 2 15 . 8 1 3 1 5 9 12 7 6 5 16 Fast Attach 103 | 1 7 1 28 5 15 . 4 1 3 . 4 4 7 . 5 5 13 Attach 66 | . 3 6 10 3 9 . 5 . 1 . . 4 1 . . 5 19 Detach 24 | . 5 . 3 1 4 . . . . . . 1 4 . 1 . 5 Swap 177 | . 12 32 20 12 20 . 9 1 1 . 7 18 25 6 . 13 1 Drop 248 | 3 22 18 75 5 32 . 8 1 4 1 11 16 14 7 10 13 8 Fire 467 | 12 66 92 142 98 . . . . 1 . 12 9 10 1 . . 24 Melee 354 | . . . 1 1 82 . 34 11 16 1 9 68 37 1 9 52 32 Ram . | . . . . . . . . . . . . . . . . . . Kick 3 | . . . 2 . . . . . . . . 1 . . . . . Crush 9 | . 6 . 3 . . . . . . . . . . . . . . Escape Stasis 17 | . . . . 10 . . . . . . . . 6 . . . 1 Rewire 1 | . . . . . . . . . . 1 . . . . . . . Trap . | . . . . . . . . . . . . . . . . . . Miscellaneous . | . . . . . . . . . . . . . . . . . . Route ------- -11/Scrapyard -10/Materials (discovered 5 exits: [*Mat x3] / [*Min] / *Sub) -10/Subcaves (discovered 3 exits: *Mat x2 / Rec) -8/Materials (discovered 3 exits: *Fac x2 / Gar) -8/Garrison -7/Factory -7/Waste -7/Factory (discovered 2 exits: *Sto / *Low) -7/Lower Caves -7/Lower Caves (discovered 2 exits: *Fac / *Zio) -7/Zion -6/Proximity Caves -6/Factory (discovered 3 exits: *Fac / Low / *Ext) -6/Extension (discovered 2 exits: *Fac / *Cet) -6/Cetus -6/Archives (discovered 3 exits: *Fac / *Hub x2) -6/Hub_04(d) (discovered 3 exits: *Fac x3) -5/Factory History --------- Turn | Location | Event 26 | -11/Scrapyard | Discovered new exit (range 3) 75 | -11/Scrapyard | Entered Materials 171 | -10/Materials | Discovered new exit (range 8) 310 | -10/Materials | Build established: Mutant 620 | -10/Materials | Central database locked down 677 | -10/Materials | Discovered new exit (range 12) 942 | -10/Materials | Discovered new exit (range 16) 1506 | -10/Materials | Discovered new exit (range 7) 1810 | -10/Materials | Discovered new exit (range 7) 1821 | -10/Materials | Entered Subcaves 1837 | -10/Subcaves | Learned location of Zion (-7) 1837 | -10/Subcaves | Met a Zionite searching for "candidates" 2038 | -10/Subcaves | Identified exit to Recycling 2273 | -10/Subcaves | Build established: Scavenger-Mutant 2683 | -10/Subcaves | Build established: Mutant 3130 | -10/Subcaves | Shifting Twisted Machinery released Mak. Shrapnel Gun 3140 | -10/Subcaves | Discovered new exit (range 5) 3143 | -10/Subcaves | Shifting Twisted Machinery released Piercing Trap 3171 | -10/Subcaves | Shifting Twisted Machinery released Sub. Monowheel 3230 | -10/Subcaves | Core integrity fell below 50% 3276 | -10/Subcaves | A swath of the cavern ceiling suddenly collapsed 3746 | -10/Subcaves | Shifting Twisted Machinery released Sub. Machine Gun 3761 | -10/Subcaves | Discovered new exit (range 8) 3785 | -10/Subcaves | Shifting Twisted Machinery released Sub. Machine Gun 3896 | -10/Subcaves | Visited 4L-MR0's lab 3914 | -10/Subcaves | Found Rainbow Chip 4088 | -10/Subcaves | Lost 3 parts (1p1n1u) 4141 | -10/Subcaves | Visited Clippyterm 4890 | -10/Subcaves | A Subdweller sparked back to life 4890 | -10/Subcaves | A Subdweller sparked back to life 4930 | -10/Subcaves | Core integrity fell below 20% 4962 | -10/Subcaves | Found Cargo Legs 5056 | -10/Subcaves | Entered Materials 5056 | -8/Materials | Evolved 4 slots: Propulsion x2, Utility x2 5581 | -8/Materials | Garrison activated, responded to threat 5638 | -8/Materials | Build established: Scavenger-Mutant 5655 | -8/Materials | Identified exit to Garrison 6366 | -8/Materials | Attached Cargo Legs, gained temporary slots: Utility x2 6367 | -8/Materials | Attached Rainbow Chip, gained temporary slots: Power, Propulsion, Utility, Weapon 7215 | -8/Materials | Discovered new exit (range 9) 7838 | -8/Materials | Discovered new exit (range 15) 7912 | -8/Materials | Entered Garrison 7930 | -8/Garrison | Triggered checkpoint 7992 | -8/Garrison | Triggered checkpoint 8000 | -8/Garrison | Garrison Relay disabled 8138 | -8/Garrison | Triggered checkpoint 8265 | -8/Garrison | Core integrity fell below 50% 8284 | -8/Garrison | Triggered checkpoint 8381 | -8/Garrison | Triggered checkpoint 8620 | -8/Garrison | Garrison Relay disabled 8655 | -8/Garrison | Triggered checkpoint 8707 | -8/Garrison | Triggered checkpoint 8803 | -8/Garrison | Discovered new exit (range 8) 8834 | -8/Garrison | Triggered checkpoint 8994 | -8/Garrison | Triggered checkpoint 9098 | -8/Garrison | Garrison Relay disabled 9125 | -8/Garrison | Garrison Relay disabled 9335 | -8/Garrison | Entered Factory 9335 | -7/Factory | Evolved 2 slots: Propulsion x1, Utility x1 9704 | -7/Factory | Build established: Scavenger-Gladiator 10040 | -7/Factory | Cargo convoy interrupted 10451 | -7/Factory | Build established: Gladiator 10499 | -7/Factory | Repaired Broken Imp. Sensor Array 10561 | -7/Factory | Repaired Aerolev Unit 10848 | -7/Factory | Lost 8 parts (1p5n1u1w) 11060 | -7/Factory | Fabricated Ripper (x1) 11226 | -7/Factory | Sucked down chute 11226 | -7/Factory | Entered Waste 11227 | -7/Waste | Met a frightened Derelict 11234 | -7/Waste | Build established: Scavenger-Gladiator 11267 | -7/Waste | Spotted C-40 Crusher 11269 | -7/Waste | Spotted C-40 Crusher 11295 | -7/Waste | Spotted C-40 Crusher 11297 | -7/Waste | Discovered new exit (range 16) 11307 | -7/Waste | Spotted C-40 Crusher 11324 | -7/Waste | Crushed by Compactor (1 part destroyed, 1 dropped) 11325 | -7/Waste | Crushed by Compactor (1 part destroyed, 1 dropped) 11329 | -7/Waste | Crushed by Compactor (1 part destroyed, 1 dropped) 11345 | -7/Waste | Identified exit to Factory 11347 | -7/Waste | Entered Factory 11360 | -7/Factory | Lost 3 parts (1p2n) 11374 | -7/Factory | Identified exit to DSF 11474 | -7/Factory | Discovered new exit (range 15) 11579 | -7/Factory | Found Powered Armor 11616 | -7/Factory | Build established: Gladiator 11625 | -7/Factory | Identified exit to Lower Caves 12000 | -7/Factory | Build established: Scavenger-Gladiator 12049 | -7/Factory | Discovered new exit (range 11) 12071 | -7/Factory | Identified exit to Storage 12170 | -7/Factory | Fabricated Imp. Titanium Leg (x2) 12342 | -7/Factory | Fabricated Ripper (x1) 12531 | -7/Factory | Entered Lower Caves 12538 | -7/Lower Caves | Met a Warlord Commander 12539 | -7/Lower Caves | Learned location of Warlord (-4) 12540 | -7/Lower Caves | Warlord Commander delivered Encrypted Comm Array 12543 | -7/Lower Caves | Found Encrypted Comm Array 12664 | -7/Lower Caves | Build established: Machinist-Gladiator 12856 | -7/Lower Caves | Learned Factory non-interactive machine intel 12875 | -7/Lower Caves | Learned Factory emergency access door positions 13052 | -7/Lower Caves | Discovered new exit (range 15) 13067 | -7/Lower Caves | Identified exit to Lower Caves 13069 | -7/Lower Caves | Entered another Lower Caves area 13086 | -7/Lower Caves | Discovered new exit (range 10) 13098 | -7/Lower Caves | Identified exit to Factory 13151 | -7/Lower Caves | Found Alien Artifact 13151 | -7/Lower Caves | Identified Core Expander 13151 | -7/Lower Caves | Installed Core Expander, added new Weapon slot 13276 | -7/Lower Caves | Learned Factory terminal intel 13539 | -7/Lower Caves | Discovered new exit (range 8) 13549 | -7/Lower Caves | Identified exit to Zion 13551 | -7/Lower Caves | Entered Zion 13588 | -7/Zion | Learned 4 Factory zone layouts 13607 | -7/Zion | Build established: Mutant 13636 | -7/Zion | Given the Hacking Drone Bay 13637 | -7/Zion | Found Prototype Device 13643 | -7/Zion | Discovered new exit (range 12) 13658 | -7/Zion | Identified exit to Proximity Caves 13690 | -7/Zion | Given A8's code to call for help 13995 | -7/Zion | Gained Derelict followers 14334 | -7/Zion | Learned location of Storage (-7) 14409 | -7/Zion | Received a visual enhancement algorithm 14458 | -7/Zion | Gained Derelict followers 14987 | -7/Zion | Imprinted 14989 | -7/Zion | Declared Zion's savior 15292 | -7/Zion | Entered Proximity Caves 15292 | -6/Proximity Caves | Accompanied by 12 allies 15577 | -6/Proximity Caves | Learned Factory terminal intel 15707 | -6/Proximity Caves | Lost 5 allies 15868 | -6/Proximity Caves | Discovered exit to Factory (range 9) 15889 | -6/Proximity Caves | Entered Factory 15889 | -6/Factory | Accompanied by 5 allies 15889 | -6/Factory | Evolved 2 slots: Utility x2 15890 | -6/Factory | Identified exit to Lower Caves 15892 | -6/Factory | Loaded intel: 201 non-interactive machine locations 15893 | -6/Factory | Loaded intel: 28 terminal locations 15911 | -6/Factory | Build established: Scavenger-Gladiator 16116 | -6/Factory | Identified Hacking Drone Bay 16566 | -6/Factory | Discovered new exit (range 11) 16574 | -6/Factory | Build established: Machinist-Gladiator 16592 | -6/Factory | Identified exit to Factory 16624 | -6/Factory | Lost 3 allies 16693 | -6/Factory | Retrieved Zion intel report: Unaware Analyses 16712 | -6/Factory | Retrieved Zion intel report: Prototype Stockpiles 16817 | -6/Factory | Lost 3 parts (1p1n1u) 16997 | -6/Factory | Discovered new exit (range 5) 17001 | -6/Factory | Identified exit to Extension 17056 | -6/Factory | Build established: Scavenger-Gladiator 17111 | -6/Factory | Entered Extension 17153 | -6/Extension | Rescued a captive Derelict 17162 | -6/Extension | Rescued A7 17180 | -6/Extension | Rescued a captive Derelict 17189 | -6/Extension | Rescued a captive Derelict 17230 | -6/Extension | Rescued a captive Derelict 17241 | -6/Extension | Zion hero teleported in (1C-UTU) 17292 | -6/Extension | Repaired Microactuators 17332 | -6/Extension | Repaired Carbon-fiber Leg 17371 | -6/Extension | Repaired Carbon-fiber Leg 17438 | -6/Extension | Rescued a captive Derelict 17439 | -6/Extension | Zion Recon squad teleported in 17439 | -6/Extension | Rescued a captive Derelict 17547 | -6/Extension | Rescued a captive Derelict 17592 | -6/Extension | Rescued a captive Derelict 17592 | -6/Extension | Rescued a captive Derelict 17636 | -6/Extension | Rescued a captive Derelict 17642 | -6/Extension | Rescued a captive Derelict 17659 | -6/Extension | Rescued a captive Derelict 17683 | -6/Extension | Spotted B-75 Beast 17696 | -6/Extension | Spotted B-75 Beast 17714 | -6/Extension | Allies destroyed B-75 Beast 17721 | -6/Extension | Allies destroyed B-75 Beast 17740 | -6/Extension | Lost 3 allies 17764 | -6/Extension | Zion Light squad teleported in 17815 | -6/Extension | Found Prototype Protection 17832 | -6/Extension | Identified Zio. Weapon Casing 17853 | -6/Extension | System corruption reached 10% 17897 | -6/Extension | Lost 3 allies 17990 | -6/Extension | Zion Infowar Resupply teleported in 18002 | -6/Extension | Rescued a captive Derelict 18021 | -6/Extension | Rescued a captive Derelict 18022 | -6/Extension | Rescued a captive Derelict 18029 | -6/Extension | Rescued a captive Derelict 18038 | -6/Extension | Rescued a captive Derelict 18051 | -6/Extension | Rescued a captive Derelict 18075 | -6/Extension | Rescued a captive Derelict 18098 | -6/Extension | Discovered exit to Factory (range 10) 18099 | -6/Extension | Discovered new exit (range 6) 18107 | -6/Extension | Identified exit to Cetus 18134 | -6/Extension | Entered Cetus 18134 | -6/Cetus | Accompanied by 15 allies (incl. A7, 1C-UTU) 18139 | -6/Cetus | Acquired a Cetus Manufacturing Module code from A7 18151 | -6/Cetus | Spotted Cetus Guard 18151 | -6/Cetus | Spotted Cetus Guard 18153 | -6/Cetus | Spotted Cetus Guard 18155 | -6/Cetus | Spotted Cetus Guard 18158 | -6/Cetus | Allies destroyed Cetus Guard 18165 | -6/Cetus | Allies destroyed Cetus Guard 18166 | -6/Cetus | Allies destroyed Cetus Guard 18173 | -6/Cetus | Allies destroyed Cetus Guard 18239 | -6/Cetus | Started Cetus Manufacturing Module 18264 | -6/Cetus | Manufactured an Enhanced Grunt 18289 | -6/Cetus | Manufactured an Enhanced Grunt 18293 | -6/Cetus | Escorted A7 to Cetus Mainframe 18310 | -6/Cetus | Lost 7 allies 18314 | -6/Cetus | Manufactured an Enhanced Grunt 18339 | -6/Cetus | Manufactured an Enhanced Grunt 18364 | -6/Cetus | Manufactured an Enhanced Grunt 18402 | -6/Cetus | Discovered new exit (range 15) 18420 | -6/Cetus | Identified exit to Archives 18430 | -6/Cetus | Entered Archives 18430 | -6/Archives | Accompanied by 11 allies (incl. A7, 1C-UTU) 18435 | -6/Archives | Received a hacking code to weaken MAIN.C 18474 | -6/Archives | Found Prototype Slashing Weapon 18474 | -6/Archives | Identified 1C-UTU's Sword "Lootmaker" 18479 | -6/Archives | Discovered exit to Factory (range 14) 18480 | -6/Archives | Found Prototype Processor 18480 | -6/Archives | Identified Exp. Melee Analysis Suite 18486 | -6/Archives | Found Prototype Device 18486 | -6/Archives | Identified Exp. Actuator Array 18489 | -6/Archives | Lost 3 allies 18555 | -6/Archives | Discovered new exit (range 16) 18593 | -6/Archives | Unable to access archive contents 18605 | -6/Archives | Unable to access archive contents 18609 | -6/Archives | Discovered new exit (range 16) 18618 | -6/Archives | Unable to access archive contents 18948 | -6/Archives | Identified exit to Hub_04(d) 18959 | -6/Archives | Entered Hub_04(d) 18959 | -6/Hub_04(d) | Accompanied by 7 allies 18968 | -6/Hub_04(d) | Discovered exit to Factory (range 15) 18982 | -6/Hub_04(d) | Zion Infowar Resupply teleported in 19118 | -6/Hub_04(d) | Spotted B-75 Beast 19123 | -6/Hub_04(d) | Destroyed B-75 Beast 19237 | -6/Hub_04(d) | Garrison activated, responded to threat 19238 | -6/Hub_04(d) | P-60 Hacker assimilated allied ST-YP0(b) 19309 | -6/Hub_04(d) | First assault squad dispatched 19318 | -6/Hub_04(d) | Retrieved Zion intel report: Prototype Stockpiles 19374 | -6/Hub_04(d) | Disrupted transfer network 19407 | -6/Hub_04(d) | Lost 4 allies 19423 | -6/Hub_04(d) | Enhanced Grunt warped into view, answering call for help 19424 | -6/Hub_04(d) | Enhanced Grunt warped into view, answering call for help 19560 | -6/Hub_04(d) | Zion Recon squad teleported in 19639 | -6/Hub_04(d) | Discovered exit to Factory (range 5) 19687 | -6/Hub_04(d) | Network Hub disabled 19703 | -6/Hub_04(d) | Discovered exit to Factory (range 12) 19742 | -6/Hub_04(d) | Network Hub disabled 19766 | -6/Hub_04(d) | Lost 10 parts (2p5n2u1w) 19767 | -6/Hub_04(d) | Entered Factory 19767 | -5/Factory | Evolved 2 slots: Utility x1, Weapon x1 19768 | -5/Factory | Loaded intel: 26 terminal locations 20060 | -5/Factory | Zion Defense Resupply teleported in 20067 | -5/Factory | First assault squad dispatched 20182 | -5/Factory | Spotted B-75 Beast 20228 | -5/Factory | Core integrity fell below 50% 20263 | -5/Factory | Lost 21 parts (2p4n8u7w) 20284 | -5/Factory | Core integrity fell below 20% 20309 | -5/Factory | Crushed by falling debris 20310 | -5/Factory | System corruption reached 10% 20315 | -5/Factory | Zion Demo squad teleported in 20407 | -5/Factory | Zion Kinetic Resupply teleported in 20492 | -5/Factory | Destroyed by L-41 Fighter with Axe Last Messages --------------- 20457_ System corrupted: Heat flow error (+285). 20459_ Acquired Gauss Cannon. 20463_ Acquired Imp. Field Recycling Unit. 20466_ Imp. Field Recycling Unit collects Corrupted Humpback, recycling 68 matter... 20468_ Slug penetrates C-30 ARC. 20468_ C-30 ARC bursts open, deploying its payload. 20468_ G-50 Soldier unfolds itself. 20471_ Slug penetrates G-50 Soldier. 20472_ System corrupted: Airjet rejected. 20472_ G-50 Soldier suffers critical hit (Burn). 20474_ Slug penetrates G-50 Soldier. 20478_ G-50 Soldier destroyed. 20481_ Slug penetrates L-41 Fighter. 20481_ Critical hit (Burn: +37). 20483_ Imp. Propulsion Shielding destroyed. 20484_ Mak. Shrapnel Gun destroyed. 20487_ Slug penetrates L-41 Fighter. 20488_ System corrupted: Component data lost. Map ----- +----------------------------------------------------+ | +??????????????????????????????????????????????? | | ###??????????????????????????????????????????????? | | ###??????????????????????????????????????????????? | | #??????????????????????????????????????????????? | | #??????????????????????????????????????????????? | | +??????????????????????????????????????????????? | | #??????????????????????????????????????????????? | | #??????????????????????????????????????????????? | | #??????????????????????????????????????????????? | | #??????????????????????????????????????????????? | | #??????????????????????????????????????????????? | | #??????????????????????????????????????????????? | | #???????????????######?????????????????????????? | | ##############?# ????????????????????????? | | # #?# ????????????????????????? | | # #?# ????????????????????????? | | # #?# ????????????????????????? | | # #?# ?????????????????????????? | | # #?# #?????????????????????????? | | # #?# #?????????????????????????? | | # #?# #?????????????????????????? | | # #?# #?????????????????????????? | | # #?# ##############????????????? | | # #?# # #????????????? | | # #?# # i / #????????????? | | # #?# # @[[!! #????????????? | | #####+#####+#### #gl !! #????????????? | | # !! """ #????????????? | | #g*! """ #????????????? | | + """ #????????????? | | # g +????????????? | | # """ """ #????????????? | | ################ # """ """ #????????????? | | #??????????????# # """ """? ?????????????? | | #????????"""""?# # ???????????????? | | #????????""T""?# ###########???????????????? | | #??????????????# ?????????????????????????? | | #??????????????+ ##????????????????????????? | | #??????????????# #?????????????????????????? | | #??????????????# #?????????????????????????? | | #??????????????# #?????????????????????????? | | #?????????????? #?????????????????????????? | | #??????????????? ??????????????????????????? | | #????????????????? ??????????????????????????? | | #??????????????????????????????????????????????? | | ???????????????????????????????????????????????? | | ?????????????????????????????????????????????????? | | ?????????????????????????????????????????????????? | | ?????????????????????????????????????????????????? | | ?????????????????????????????????????????????????? | +----------------------------------------------------+ Best States ------------- Heat Dissipation 61 Coolant Potential 50 Energy Generation 23 Energy Capacity 750 Matter Stores 450 Matter Capacity 450 Sight Range 16 Robot Scan Range 16 Terrain Scan Density 10 Additional Mass Support 9 Armor Coverage 450 Propulsion Shielding 66 Weapon Shielding 100 Melee Speed Boost 20 Evasion (%) 57 Melee Accuracy 18 Recoil Reduction 4 Matter Filtering 30 Item Schematics ----------------- Lrg. Storage Unit | -10/Materials | Hacked Hcp. Storage Unit | -10/Materials | Hacked Huge Storage Unit | -10/Materials | Hacked Imp. VTOL Module | -8/Materials | Scanalyzed Imp. Cooling System | -8/Materials | Scanalyzed Aerolev Unit | -8/Materials | Scanalyzed Plasma Cutter | -8/Materials | Scanalyzed Ripper | -8/Materials | Scanalyzed Imp. Medium Treads | -7/Zion | Archive Adv. Terrain Scan Processor | -7/Zion | Archive Power Amplifier | -7/Zion | Archive Mak. Power Source | -7/Zion | Archive Antigrav System | -7/Zion | Archive Imp. Trap Scanner | -7/Zion | Archive Imp. Salvage Targeting Computer | -7/Zion | Archive Mak. Sword | -7/Zion | Archive Angular Momentum Engine | -7/Zion | Archive Lrn. Proton Cannon | -7/Zion | Archive Shock Absorption System | -7/Zion | Archive Imp. Reaction Control System | -7/Zion | Archive Matter Filter | -7/Zion | Archive Plasma Flamer | -7/Zion | Archive Flak Gun | -7/Zion | Archive Hvy. Riot Gun | -7/Zion | Free Arc Thrower | -7/Zion | Free Battle Cannon | -7/Zion | Free Bore Cannon | -7/Zion | Free Robot Schematics ------------------ L-41 Fighter | -7/Zion | Archive T-07 Excavator | -7/Zion | Archive Y-54 Guardian | -7/Zion | Archive H-77 Assassin | -7/Zion | Archive Fabricated ------------ Ripper | x1 | -7/Factory Imp. Titanium Leg | x2 | -7/Factory | Preloaded Ripper | x1 | -7/Factory Alien Tech Used ----------------- Core Expander Achievements -------------- Generalissimo Heroic Deeds Challenges ------------ None Game ------ Seed GrapheneDamperRay Manual? 0 Play Time 04:34:16 Cumulative 77.0 hours Start 2024.03.03 @ 07:06:38 End 2024.03.03 @ 12:06:31 Sessions 1 Manual Loads 0 Difficulty Rogue Special Mode None Game No. 40 Rogue 40 Adventurer 0 Explorer 0 Win Type - Total 3 Types 2/0/0/1/0/0/0/0/0 Lore% 47 Gallery% 61 Achievement% 44 Wizard Run 0 Options --------- Layout 2 ASCII 0 Keyboard 1 Movement Numpad Keybinds 0 Fullscreen 2 Font 32/Tamsyn Map View 50x44 Zoom Use 0% Tactical HUD 1 Map Filters NONE Filters NONE Steam 1 RUN: 29a0de5e-961b-40e6-b9ac-97c951d08cbf